Map: Pylon LE

Players

Player

  • Race: Terran Terran
  • Spawn Location: 5:00

ManlyManMeat - Winner!

  • Race: Zerg Zerg
  • League: Diamond
  • Spawn Location: 11:00

VOD

Have the link to the VOD?

Description

Time

  • Played on: July 5, 2025, 3:19 p.m.
  • Length: 19:52
Show
View Real Time Build Order
Export as new Build Order

Player Terran 

Build Orders: 2 Factory, Command Center First 

Get SALT Encoding   

  12  0:00  SCV  
  13  0:12  SCV  
  14  0:17  Supply Depot  
  14  0:24  SCV  
  15  0:38  SCV  
  16  0:51  SCV  
  17  1:01  Command Center  
  18  1:04  SCV  
  18  1:14  Barracks  
  18  1:19  SCV  
  18  1:24  Refinery  
  19  1:31  SCV  
  19  1:32  Refinery  
  20  1:43  SCV  
  21  1:55  SCV  
  22  2:06  Marine  
  23  2:08  Orbital Command  
  23  2:12  Factory  
  23  2:19  Bunker  
  24  2:31  Barracks Reactor  
  24  2:32  Orbital Command  
  24  2:36  SCV  
  23  2:48  SCV  
  24  2:53  Supply Depot  
  24  2:58  Factory  
  24  2:59  SCV  
  24  3:00  SCV  
  26  3:11  SCV  
  27  3:13  SCV  
  27  3:16  Hellion, Barracks Reactor  
  27  3:19  Hellion  
  32  3:23  SCV  
  32  3:25  SCV  
  34  3:27  Factory  
  34  3:35  SCV  
  34  3:37  SCV  
  34  3:38  Hellion  
  34  3:40  Hellion  
  40  3:43  Supply Depot  
  40  3:48  SCV  
  41  3:49  SCV  
  42  4:00  Hellion x2, Barracks Tech Lab  
  46  4:05  SCV x2  
  48  4:11  Supply Depot  
  48  4:17  Hellion x2  
  48  4:21  Hellion  
  48  4:23  Refinery  
  54  4:29  Refinery  
  54  4:31  Infernal Pre-Igniter  
  54  4:33  Hellion  
  54  4:38  Supply Depot, SCV x2  
  59  4:43  Hellion  
  60  4:48  Supply Depot  
  60  4:59  Hellion, Cyclone  
  57  5:11  Hellion x3  
  55  5:18  SCV x2  
  55  5:20  Hellion  
  59  5:27  Supply Depot  
  53  5:30  SCV x2  
  53  5:32  Hellion  
  53  5:33  Hellion  
  61  5:39  Hellion  
  61  5:40  Armory  
  61  5:42  SCV x2  
  65  5:51  Cyclone  
  66  5:59  Factory  
  66  6:02  Factory  
  66  6:06  Hellion x3  
  66  6:07  Mag-Field Accelerator  
  66  6:09  Hellion  
  70  6:26  Hellion  
  70  6:27  Hellion x2  
  70  6:32  Hellion x2  
  76  6:47  Hellion  
  76  6:49  Hellion x2  
  76  6:52  Terran Vehicle Weapons Level 1  
  76  6:54  Factory Reactor  
  76  6:55  Factory Tech Lab  
  76  7:04  Command Center  
  76  7:14  Hellion  
  76  7:15  Factory Tech Lab  
  78  7:18  Cyclone  
  78  7:19  Cyclone  
  84  7:23  Hellion  
  82  7:40  Hellion x3  
  86  7:45  Hellion  
  86  7:47  Smart Servos  
  86  7:49  Hellion  
  86  7:51  Hellion x2  
  80  8:01  Hellion  
  80  8:02  Hellion x2, Armory  
  86  8:14  Supply Depot  
  86  8:16  Cyclone, Hellion x2  
  86  8:17  Supply Depot  
  93  8:36  SCV  
  93  8:37  SCV  
  84  8:49  SCV x2  
  86  9:00  Hellion x7  
  86  9:01  SCV x2  
  80  9:07  Supply Depot  
  74  9:13  SCV  
  75  9:17  Supply Depot  
  75  9:21  Hellion  
  77  9:24  Terran Vehicle Weapons Level 2  
  77  9:27  Terran Vehicle And Ship Armor Level 1  
  77  9:39  Hellion x9  
  77  9:43  Hellion x2  
  73  9:49  Hellion  
  68  10:05  SCV x2  
  63  10:13  Supply Depot  
  55  10:17  Hellion, SCV x2  
  55  10:29  SCV x2  
  55  10:30  Orbital Command  
  57  10:41  SCV  
  57  10:42  SCV  
  43  10:53  SCV  
  43  10:54  SCV  
  41  10:58  Hellion x6  
  53  11:05  SCV  
  53  11:06  SCV  
  53  11:07  Orbital Command  
  55  11:12  Marine  
  55  11:18  SCV x2  
  60  11:19  Hellion x2  
  64  11:27  Hellion  
  64  11:28  Hellion x3  
  70  11:40  Hellion  
  70  11:41  Hellion  
  72  11:49  Hellion x4  
  78  12:05  SCV x2  
  78  12:07  Hellion x9  
  80  12:10  Cyclone x2  
  86  12:20  Hellion x2  
  86  12:21  Hellion x2  
  74  12:35  Cyclone, Supply Depot  
  77  12:42  Hellion, Cyclone x2  
  79  13:03  Hellion x4  
  79  13:06  SCV  
  79  13:07  Cyclone  
  79  13:09  Refinery x2  
  79  13:14  Cyclone  
  79  13:15  Hellion  
  79  13:18  Supply Depot, Terran Vehicle And Ship Armor Level 2  
  84  13:24  Hellion x3  
  90  13:32  Hellion  
  92  13:36  Cyclone  
  92  13:40  Hellion  
  91  13:46  Cyclone  
  82  14:01  Cyclone  
  75  14:04  Orbital Command  
  67  14:12  Cyclone  
  60  14:19  Cyclone  
  63  14:27  Hellion x2  
  63  14:29  SCV x2  
  68  14:33  Cyclone  
  68  14:34  Hellion  
  73  14:41  SCV x2  
  73  14:44  Cyclone  
  77  14:45  Orbital Command  
  77  14:51  Cyclone  
  77  14:53  SCV x2  
  74  15:05  SCV x2  
  76  15:17  SCV x2  
  78  15:22  SCV  
  78  15:24  Starport  
  79  15:29  SCV  
  79  15:30  SCV  
  79  15:34  SCV  
  82  15:36  Hellion x5, Cyclone  
  82  15:41  SCV  
  97  15:46  SCV  
  90  15:53  SCV  
  90  15:54  Orbital Command, Supply Depot  
  86  15:58  SCV  
  86  16:04  Hellion x3  
  80  16:14  SCV x2  
  82  16:19  Terran Vehicle And Ship Armor Level 3  
  82  16:20  Terran Vehicle Weapons Level 3  
  82  16:31  SCV  
  82  16:32  SCV x2  
  85  16:35  Hellion x3  
  91  16:44  SCV x3  
  94  16:47  Hellion x2  
  69  17:16  Hellion x6  
  81  17:24  Starport Tech Lab  
  81  17:25  SCV x2  
  81  17:28  Refinery, SCV  
  84  17:35  Hellion  
  86  17:37  SCV x2  
  86  17:40  SCV  
  89  17:50  SCV x2  
  63  18:07  Hellion  
  63  18:08  Hellion x6  
  52  18:27  Orbital Command  
  52  18:29  Hellion x4  
  52  18:31  Hellion x2  
  64  18:37  Raven  
  47  18:53  Marine  
  38  19:07  Widow Mine x3  
  38  19:09  Widow Mine  
Show
View Real Time Build Order
Export as new Build Order

ManlyManMeat Zerg - Winner!

Build Orders: Hatch First 

Get SALT Encoding   

  12  0:00  Drone  
  13  0:08  Drone  
  13  0:13  Extractor  
  13  0:16  Drone  
  15  0:22  Overlord  
  15  0:42  Drone  
  16  0:47  Hatchery  
  15  0:50  Drone  
  15  0:54  Drone  
  17  0:57  Drone  
  18  1:04  Extractor  
  17  1:14  Spawning Pool  
  17  1:16  Drone  
  17  1:20  Drone  
  18  1:28  Drone  
  19  1:37  Overlord  
  19  2:00  Queen x2  
  23  2:01  Zergling x4  
  23  2:04  Drone  
  26  2:21  Drone  
  26  2:22  Drone x3  
  30  2:30  Metabolic Boost  
  30  2:39  Queen  
  32  2:52  Drone x4  
  32  2:55  Overlord  
  36  3:03  Hatchery  
  35  3:17  Drone  
  35  3:18  Drone x3  
  35  3:19  Drone  
  40  3:20  Overlord  
  40  3:22  Overlord  
  40  3:39  Drone x3  
  43  3:45  Queen  
  43  3:46  Queen  
  47  3:51  Drone  
  47  3:53  Drone  
  47  3:54  Drone x5  
  54  4:03  Overlord  
  54  4:04  Overlord  
  53  4:11  Zergling x2  
  53  4:12  Zergling x2  
  54  4:35  Drone x3  
  57  4:39  Zergling x6  
  57  4:40  Zergling x6  
  57  4:45  Extractor  
  62  4:47  Extractor x2  
  62  4:49  Baneling Nest  
  62  4:51  Hatchery  
  58  4:53  Zergling x4  
  58  4:54  Zergling x4, Evolution Chamber  
  52  5:21  Hatchery  
  52  5:23  Zergling x18  
  60  5:28  Drone  
  60  5:29  Drone x3  
  60  5:30  Drone x2, Zerg Melee Weapons Level 1  
  66  5:44  Drone  
  66  5:45  Drone x4  
  71  5:50  Drone x2  
  71  5:52  Evolution Chamber  
  72  5:59  Zergling x2  
  72  6:00  Baneling x4  
  72  6:01  Baneling  
  73  6:09  Drone x2  
  60  6:31  Drone x4  
  60  6:32  Overlord x3  
  61  6:35  Drone  
  58  6:43  Queen x2  
  58  6:45  Zergling x28  
  58  6:46  Zergling x8  
  82  6:51  Lair  
  78  7:07  Zergling x4  
  77  7:25  Zerg Ground Armor Level 1, Baneling x9  
  77  7:26  Baneling x4  
  77  7:30  Zergling x6  
  77  7:31  Zergling x16  
  79  7:44  Zergling x10  
  79  7:45  Zergling x4  
  79  7:51  Zergling x22  
  88  7:52  Queen  
  88  7:57  Centrifugal Hooks  
  89  8:00  Baneling x12  
  90  8:05  Drone x3  
  90  8:19  Queen x2  
  88  8:31  Zergling x18  
  87  8:40  Queen  
  86  8:43  Drone x2  
  75  9:14  Zerg Melee Weapons Level 2  
  75  9:17  Baneling  
  75  9:18  Baneling x5  
  75  9:20  Zergling x8  
  75  9:21  Zergling x18  
  88  9:27  Roach Warren  
  88  9:28  Drone  
  88  9:43  Zergling x10  
  88  9:44  Zergling x2  
  88  9:47  Baneling x3  
  88  9:48  Baneling x3  
  81  9:59  Zergling x6  
  67  10:27  Roach x3  
  67  10:28  Roach  
  75  10:39  Queen  
  67  11:00  Roach  
  67  11:01  Roach x10  
  89  11:09  Glial Reconstitution  
  89  11:12  Zerg Missile Weapons Level 1  
  89  11:14  Roach x3  
  95  11:18  Overseer  
  95  11:20  Overseer  
  95  11:24  Overlord x2  
  94  11:45  Roach x9  
  112  11:51  Overlord x2  
  112  12:13  Roach  
  112  12:14  Roach x8  
  128  12:20  Roach x3  
  128  12:22  Zergling x2  
  121  12:23  Zergling x2  
  104  12:34  Roach x4  
  110  12:45  Hatchery  
  100  13:02  Roach  
  100  13:03  Roach x7  
  107  13:21  Zerg Missile Weapons Level 2  
  84  13:51  Zergling x26  
  65  14:21  Drone x6  
  65  14:22  Drone  
  71  14:29  Infestation Pit  
  69  14:44  Zergling x2  
  69  14:45  Zergling x16  
  76  14:49  Zergling x2, Roach  
  64  15:02  Drone x5  
  65  15:13  Roach x2  
  69  15:15  Drone  
  70  15:31  Roach x4  
  78  15:47  Roach x5  
  67  16:08  Infestor x3  
  73  16:11  Roach x2  
  73  16:33  Roach x5  
  83  16:51  Drone x2  
  83  16:52  Drone x2  
  82  17:12  Roach x4  
  90  17:29  Roach  
  98  17:30  Roach x3  
  98  17:33  Drone x2  
  100  17:41  Roach x2  
  88  18:08  Roach x6  
  88  18:12  Roach  
  80  18:23  Infestor x2  
  84  18:43  Roach x5  
  90  18:57  Roach x2  
  94  19:04  Zergling x2  
  94  19:05  Zergling x6  
  98  19:13  Zergling x4  
  99  19:31  Zergling x2  
  99  19:32  Zergling x10  
Tags
 
Add a new tag
Caveats
  • Supply blocks, unpowered buildings, or Contaminate may cause inaccurate times.
  • Supply counts are checked every 10 seconds.